 Dungeon Sprint DCSS version 0.21-a0-264-g3e31e41 (webtiles) character file.

1277 Kidiri the Covert (level 8, -3/42 HPs)
             Began as a Spriggan Enchanter on Sept 8, 2017.
             Was an Initiate of Dithmenos.
             Slain by a yaktaur (11 damage)
             ... in the Dungeon (Sprint II: "The Violet Keep of Menkaure").
             The game lasted 00:04:45 (569 turns).

Kidiri the Covert (Spriggan Enchanter)               Turns: 569, Time: 00:04:45

Health: -3/42      AC:  2    Str:  4    XL:     8   Next: 29%
Magic:  5/22       EV: 27    Int: 17    God:    Dithmenos [......]
Gold:   981        SH:  0    Dex: 18    Spells: 13/25 levels left

rFire    . . .     SeeInvis +   a - +1 dagger
rCold    . . .     Gourm    .   (shield restricted)
rNeg     . . .     Faith    .   b - +0 robe
rPois    .         Spirit   .   (helmet restricted)
rElec    .         Reflect  .   (no cloak)
rCorr    .         Harm     .   (gloves unavailable)
MR       +....     NoTele   +   (boots unavailable)
Stlth    +++++.....             (no amulet)
HPRegen  0.14/turn              (no ring)
MPRegen  0.18/turn              (no ring)

@: very quick
A: unfitting armour, see invisible, herbivore 3, speed 3, slow metabolism 2
a: Renounce Religion


You were in the Dungeon.
You worshipped Dithmenos.
Dithmenos was noncommittal.
You were not hungry.

You visited 1 branch You collected 981 gold pieces.

Inventory:

Hand Weapons
 a - a +1 dagger (weapon)
Armour
 b - a +0 robe (worn)
Scrolls
 j - a scroll of blinking
Potions
 g - a potion of haste
 h - a potion of magic
Books
 c - a book of Maledictions

   Spells                             Type                      Level
   a - Corona                         Hexes                        1
   b - Ensorcelled Hibernation        Hexes/Ice                    2
   c - Confuse                        Hexes                        3
   d - Tukima's Dance                 Hexes                        3
   e - Dazzling Spray                 Conjuration/Hexes            3
Comestibles
 d - a bread ration


   Skills:
 + Level 4.0 Fighting
 * Level 8.1 Short Blades
 + Level 3.8 Armour
 * Level 10.8 Dodging
 * Level 12.0 Stealth
 * Level 9.2 Spellcasting
 + Level 3.1 Conjurations
 + Level 7.3 Hexes
 + Level 3.9 Ice Magic


You had 13 spell levels left.
You knew the following spells:

 Your Spells              Type           Power        Failure   Level  Hunger
a - Corona                Hex            ####...      1%          1    None
b - Ensorcelled Hibernat  Hex/Ice        ####..       1%          2    None
c - Confuse               Hex            ####....     1%          3    None
d - Tukima's Dance        Hex            ####....     1%          3    None
e - Dazzling Spray        Conj/Hex       ####..       3%          3    None


Dungeon Overview and Level Annotations

Branches:
Dungeon (1/1)

Altars:
Cheibriados
Dithmenos
Elyvilon
Fedhas
Gozag
Hepliaklqana
Kikubaaqudgha
Makhleb
Nemelex Xobeh
Okawaru
Qazlal
Ru
Sif Muna
Trog
Uskayaw
Vehumet
Wu Jian
Xom
Yredelemnul
Zin
The Shining One
Beogh
Jiyva
Lugonu

Shops:
D }(:[=(!%!?[[%}=:

Annotations:
D exclusion: oklob plant, Roxanne


Innate Abilities, Weirdness & Mutations

You are very small and have problems with some larger weapons.
You are too small for most types of armour.
You have supernaturally acute eyesight. (SInv)
You are a herbivore.
You cover ground extremely quickly.
You need consume almost no food.


Message History

Aiming: Ensorcelled Hibernation
Press: ? - help, Shift-Dir - straight line, f - yaktaur
Aim: a yaktaur, wielding an arbalest (chance to defeat MR: 37%)
The yaktaur easily resists.
The yaktaur unwields an uncursed arbalest.
The yaktaur misses you.
Unknown command.
Casting: Ensorcelled Hibernation
Confirm with . or Enter, or press ? or * to list all spells.
Aiming: Ensorcelled Hibernation
Press: ? - help, Shift-Dir - straight line, f/p - yaktaur
Aim: a yaktaur (chance to defeat MR: 37%)
The yaktaur easily resists.
Casting: Ensorcelled Hibernation
Confirm with . or Enter, or press ? or * to list all spells.
Aiming: Ensorcelled Hibernation
Press: ? - help, Shift-Dir - straight line, f/p - yaktaur
Aim: a yaktaur (chance to defeat MR: 37%)
The yaktaur easily resists.
The yaktaur hits you!
You die...

#..# ...# ...# #.####..##
#..# $# [$$ +###.##..#
+..# .#▓(!))[ .##.#.#..#
#^.# .#▓)?$(!$
<.+###+..####^.##.#▓?$?[[$
.##.#.#....###..h##▓▓▓▓▓▓▓
+###.##......≈≈yh≈≈≈≈≈≈≈≈≈
#.####≈≈.....≈#c########+#
#..#≈≈≈≈≈§≈..≈#(@..._..#≈≈
..##≈≈≈≈≈÷≈≈.≈#...._._.#§§
+##≈≈≈≈≈≈§≈§≈≈#..._._._#§§
≈≈≈≈≈≈§≈≈≈≈§§≈#.._._._.#t§
#+++#≈§≈≈§§≈≈§#._._._._#≈§
§§. ##≈§§###≈≈#_._._._.#§§
≈≈§≈§ #≈≈#._._._._#§§
8≈≈§§≈+ #§§#_._._...#§§
§§§≈≈## ≈≈≈##########≈§


You could see 2 polar bears, a yaktaur and a hornet.

Vanquished Creatures
  A blink frog (D)
  A polar bear (D)
  2 hippogriffs (D)
  Menkaure (D)
  4 necrophages (D)
  4 worker ants (D)
  3 worms (D)
16 creatures vanquished.

Vanquished Creatures (others)
  A crocodile (D)
1 creature vanquished.

Grand Total: 17 creatures vanquished

Notes
Turn   | Place    | Note
-------+----------+-------------------------------------------
     0 | D        | Kidiri the Spriggan Enchanter began the quest for the Orb.
     0 | D        | Reached XP level 1. HP: 9/9 MP: 5/5
     1 | D        | Noticed a hippogriff
     1 | D        | Noticed a hippogriff
    23 | D        | Reached skill level 5 in Stealth
    23 | D        | Reached XP level 2. HP: 14/14 MP: 7/7
    43 | D        | Learned a level 2 spell: Ensorcelled Hibernation
    60 | D        | Noticed a necrophage
    60 | D        | Noticed a necrophage
    60 | D        | Noticed a necrophage
    60 | D        | Noticed a necrophage
    65 | D        | Reached skill level 1 in Fighting
    65 | D        | Reached skill level 1 in Armour
    65 | D        | Reached XP level 3. HP: 18/18 MP: 5/9
    68 | D        | Reached skill level 5 in Dodging
    68 | D        | Reached skill level 6 in Stealth
    68 | D        | Reached skill level 1 in Ice Magic
    76 | D        | Reached XP level 4. HP: 22/22 MP: 8/11
    82 | D        | Reached skill level 7 in Stealth
    82 | D        | Reached skill level 5 in Spellcasting
    82 | D        | Reached skill level 5 in Hexes
    86 | D        | Killed a crocodile
   180 | D        | Learned a level 3 spell: Confuse
   184 | D        | Learned a level 3 spell: Tukima's Dance
   188 | D        | Learned a level 3 spell: Dazzling Spray
   196 | D        | Killed a hippogriff
   196 | D        | Reached skill level 5 in Short Blades
   196 | D        | Reached skill level 9 in Stealth
   196 | D        | Reached skill level 1 in Conjurations
   196 | D        | Reached XP level 5. HP: 14/27 MP: 5/15
   196 | D        | Reached XP level 6. HP: 17/32 MP: 5/16
   202 | D        | Killed a hippogriff
   202 | D        | Reached skill level 10 in Stealth
   376 | D        | Reached XP level 7. HP: 36/36 MP: 19/19
   386 | D        | Reached skill level 11 in Stealth
   407 | D        | Noticed Menkaure
   408 | D        | Found Fydos's Jewellery Boutique.
   409 | D        | Killed Menkaure
   409 | D        | Reached skill level 10 in Dodging
   428 | D        | Noticed Roxanne
   433 | D        | Found Ovebrock's Book Shop.
   435 | D        | Found Xuucief's Gadget Boutique.
   437 | D        | Found Vycidoalio's Antique Armour Shop.
   437 | D        | Found Egoriump's Food Shop.
   439 | D        | Found Ogipniga's Magic Scroll Boutique.
   439 | D        | Found Ulodew Kiva's Antique Armour Boutique.
   440 | D        | Noticed a blink frog
   442 | D        | Killed a blink frog
   442 | D        | Reached XP level 8. HP: 42/42 MP: 21/21
   447 | D        | Found Jocugg's Food Shop.
   449 | D        | Found Risu's Distillery.
   450 | D        | Found Sidghidun's Distillery.
   450 | D        | Found Jeyve's Weapon Boutique.
   455 | D        | Found Wufrur's Jewellery Shop.
   455 | D        | Found Dehonaumn's Armour Boutique.
   455 | D        | Noticed an oklob plant
   456 | D        | Found Fostoilu's Antique Weapon Shop.
   456 | D        | Found Qiohyk's Gadget Boutique.
   456 | D        | Found Utamaoj's Book Shoppe.
   459 | D        | Noticed a hippogriff
   466 | D        | Noticed a hippogriff
   488 | D        | Noticed a hippogriff
   489 | D        | Noticed an ice dragon
   538 | D        | Found a blossoming altar of Fedhas.
   539 | D        | Found a white marble altar of Elyvilon.
   539 | D        | Found an opulent altar of Gozag.
   539 | D        | Found a burning altar of Makhleb.
   540 | D        | Found a shadowy altar of Dithmenos.
   540 | D        | Found a corrupted altar of Lugonu.
   541 | D        | Found a snail-covered altar of Cheibriados.
   541 | D        | Found an ancient bone altar of Kikubaaqudgha.
   541 | D        | Found a bloodstained altar of Trog.
   542 | D        | Found a roughly hewn altar of Beogh.
   542 | D        | Found a viscous altar of Jiyva.
   542 | D        | Found a deep blue altar of Sif Muna.
   543 | D        | Found a hazy altar of Hepliaklqana.
   543 | D        | Found a sacrificial altar of Ru.
   544 | D        | Found a stormy altar of Qazlal.
   544 | D        | Found an ornate altar of the Wu Jian Council.
   544 | D        | Found a shimmering altar of Xom.
   544 | D        | Noticed a polar bear
   546 | D        | Found a sparkling altar of Nemelex Xobeh.
   546 | D        | Found a hide-covered altar of Uskayaw.
   546 | D        | Found a basalt altar of Yredelemnul.
   546 | D        | Found a glowing golden altar of the Shining One.
   546 | D        | Noticed a hornet
   547 | D        | Found a radiant altar of Vehumet.
   547 | D        | Found an iron altar of Okawaru.
   547 | D        | Found a glowing silver altar of Zin.
   547 | D        | Noticed a yaktaur
   548 | D        | Noticed a polar bear
   548 | D        | Noticed a polar bear
   550 | D        | Became a worshipper of Dithmenos the Shadowed
   566 | D        | Killed a polar bear
   566 | D        | Reached skill level 12 in Stealth
   569 | D        | Slain by a yaktaur

Vault maps used:
D:        the_violet_keep_of_menkaure

Skill      XL: |  1  2  3  4  5  6  7  8 |
---------------+-------------------------+-----
Short Blades   | 2 3 5 6 7 8 |  8.1
Spellcasting   | 3 4 6 7 8 9 |  9.2
Stealth        | 5 6 9 10 11 12 | 12.0
Hexes          | 4 5 6 7 |  7.3
Fighting       | 1 2 3 4 |  4.0
Armour         | 1 2 3 |  3.8
Dodging        | 4 5 7 9 10 | 10.8
Ice Magic      | 1 2 3 |  3.9
Conjurations   | 1 2 3 |  3.1

Action                   |  1- 3 |  4- 6 |  7- 9 || total
-------------------------+-------+-------+-------++-------
Melee: Dagger            |    14 |     4 |    12 ||    30
 Cast: Ensorcelled Hiber |     4 |     8 |     3 ||    15
       Dazzling Spray    |       |     1 |     1 ||     2
       Confuse           |       |       |     3 ||     3
  Use: Potion            |     3 |     1 |       ||     4
 Stab: Sleeping          |     3 |     4 |     5 ||    12
       Confused          |       |       |     1 ||     1
       Invisible         |       |       |     1 ||     1
Armor: Robe              |       |     1 |       ||     1
Dodge: Dodged            |     5 |    21 |     6 ||    32

Table legend:
 A = Spawn XP
 B = Non-spawn XP
 C = Spawn XP percentage of total XP
 D = Spawn monster count
 E = Non-spawn monster count
 F = Spawn count percentage of total count
 G = Total turns spent on level
                    A         B        C        D         E        F      G
               +---------+---------+-------+---------+---------+-------+---------
         Total |       0 |    1825 |   0.0 |       0 |      16 |   0.0 |   569
               +---------+---------+-------+---------+---------+-------+---------
             D |       0 |    1825 |   0.0 |       0 |      16 |   0.0 |   569
               +---------+---------+-------+---------+---------+-------+---------
